 Dungeon Crawl Stone Soup version 0.22-a0-772-gac08f70 (webtiles) character file.

137119 Supahsalami the Earth Mage (level 17, 0/113 HPs)
             Began as a Gargoyle Earth Elementalist on July 17, 2018.
             Was the Champion of Vehumet.
             Slain by a ghost moth (8 damage)
             ... on level 3 of the Spider Nest on July 18, 2018.
             The game lasted 04:22:38 (50698 turns).

Supahsalami the Earth Mage (GrEE)                  Turns: 50698, Time: 04:22:40

Health: 0/113      AC: 27    Str:  9 (14) XL:     17   Next: 23%
Magic:  0/44       EV: 16    Int: 19 (21) God:    Vehumet [******]
Gold:   2043       SH:  4    Dex: 10      Spells: 6/44 levels left

rFire    + . .     SeeInvis .   M - staff of earth
rCold    + . .     Gourm    .   Z - +0 buckler
rNeg     + . .     Faith    +   z - +0 acid dragon scales
rPois    ∞         Spirit   .   Y - +2 helmet
rElec    +         Reflect  .   k - scarf {rC+ rF+}
rCorr    +         Harm     .   E - +1 pair of gloves
MR       +....                  B - +0 pair of boots
Stlth    ++........             L - amulet of faith
HPRegen  0.28/turn              G - ring of magical power
MPRegen  0.29/turn              y - +5 ring of evasion

@: flying
A: big wings, negative energy resistance 1, electricity resistance, unbreathing,
petrification resistance, rot immunity, AC +12
a: Stop Flying, Renounce Religion


You were on level 3 of the Spider Nest.
You worshipped Vehumet.
Vehumet was exalted by your worship.
You were not hungry.

You visited 5 branches of the dungeon, and saw 27 of its levels.

You collected 2043 gold pieces.

Inventory:

Missiles
 A - 77 stones (quivered)
Armour
 k - a scarf of resistance (worn)
 z - +0 acid dragon scales (worn)
 B - a +0 pair of boots (worn)
 E - a +1 pair of gloves (worn)
 Y - a +2 helmet (worn)
 Z - a +0 buckler (worn)
Magical Staves
 M - an uncursed staff of earth (weapon)
Jewellery
 p - an uncursed ring of protection from cold
 y - a +5 ring of evasion (right hand)
 G - a ring of magical power (left hand)
 L - an amulet of faith (around neck)
Wands
 c - a wand of iceblast (29)
 f - a wand of enslavement (25)
 j - a wand of disintegration (13)
 s - a wand of flame (32)
 w - a wand of digging (7)
 x - a wand of acid (17)
 I - a wand of clouds (5)
 O - a wand of polymorph (24)
 W - a wand of paralysis (57)
 X - a wand of scattershot (10)
Scrolls
 e - 6 scrolls of fear
 i - 3 scrolls of brand weapon {unknown}
 m - a scroll of noise {unknown}
 n - 3 scrolls of amnesia {unknown}
 o - 2 scrolls of random uselessness {unknown}
 q - 14 scrolls of remove curse
 r - 4 scrolls of fog
 t - 7 scrolls of magic mapping
 u - a scroll of identify
 v - 2 scrolls of summoning {unknown}
 C - a scroll of holy word {unknown}
 J - 2 scrolls of blinking {unknown}
 K - 9 scrolls of teleportation
 P - 3 scrolls of vulnerability {unknown}
 R - a scroll of silence {unknown}
 U - a scroll of torment {unknown}
Potions
 a - 4 potions of resistance
 b - 5 potions of berserk rage
 g - 10 potions of curing
 h - 10 potions of brilliance
 l - 4 potions of heal wounds
 F - 2 potions of agility
 H - 5 potions of magic
 Q - a potion of haste
 T - a potion of might
Comestibles
 d - 5 rations


   Skills:
 + Level 15.1 Fighting
 + Level 9.3 Staves
 + Level 7.0 Armour
 - Level 1.5 Dodging
 - Level 5.0 Stealth
 + Level 2.6 Shields
 + Level 14.2 Spellcasting
 + Level 8.8 Conjurations
 + Level 5.0 Translocations
 + Level 4.9 Transmutations
 + Level 5.2 Fire Magic
 + Level 15.9 Earth Magic
 + Level 3.8 Poison Magic


You had 6 spell levels left.
You knew the following spells:

 Your Spells              Type           Power        Failure   Level  Hunger
a - Sandblast             Erth           ######       0%          1    None
b - Passwall              Tmut/Erth      ######..     1%          2    None
c - Stone Arrow           Conj/Erth      ######       1%          3    None
d - Magic Dart            Conj           ####         1%          1    None
e - Petrify               Tmut/Erth      ######..     1%          4    None
f - Lee's Rapid Deconstr  Erth           #######...   1%          5    ####...
g - Mephitic Cloud        Conj/Pois/Air  ####....     1%          3    None
h - Blink                 Tloc           N/A          1%          2    None
i - Conjure Flame         Conj/Fire      #####...     1%          3    None
j - Bolt of Magma         Conj/Fire/Erth ######....   1%          5    ####...
k - Gell's Gravitas       Tloc           ####......   3%          3    None
l - Iron Shot             Conj/Erth      ######....   2%          6    #####..

Your spell library contained the following spells:

 Spells                   Type           Power        Failure   Level  Hunger
 Apportation              Tloc           ####..       1%          1    None
 Slow                     Hex            ##......     14%         2    None
 Confuse                  Hex            ##......     26%         3    None
 Summon Small Mammal      Summ           ##..         9%          1    None
 Bolt of Draining         Conj/Necr      ####......   11%         5    ####...
 Animate Dead             Necr           N/A          65%         4    None
 Pain                     Necr           ##..         9%          1    None
 Animate Skeleton         Necr           N/A          9%          1    None
 Vampiric Draining        Necr           ##........   26%         3    None
 Call Imp                 Summ           ##......     14%         2    None
 Dispel Undead            Necr           ##......     94%         5    ####...
 Regeneration             Chrm/Necr      ##........   26%         3    None
 Sublimation of Blood     Necr           ##........   14%         2    None
 Tukima's Dance           Hex            ##......     26%         3    None
 Corpse Rot               Necr           N/A          14%         2    None
 Agony                    Necr           ##......     94%         5    ####...
 Confusing Touch          Hex            ##....       9%          1    None
 Ensorcelled Hibernation  Hex/Ice        ##....       14%         2    None
 Metabolic Englaciation   Hex/Ice        ##........   94%         5    ####...
 Corona                   Hex            ##.....      9%          1    None
 Excruciating Wounds      Chrm/Necr      ##........   94%         5    ####...
 Dazzling Spray           Conj/Hex       ####..       1%          3    None
 Yara's Violent Unravell  Hex/Tmut       ###.......   22%         5    ####...
 Borgnjor's Vile Clutch   Necr/Erth      ######....   10%         5    ####...


Dungeon Overview and Level Annotations

Branches:
Dungeon (15/15)            Temple (1/1) D:7            Lair (6/6) D:8
  Swamp (0/4) Lair:4       Spider (4/4) Lair:2        Slime (0/5) Lair:5
    Orc (1/2) D:9          Vaults (0/5) D:14
 Depths: D:15

Altars:
Ashenzari
Cheibriados
Dithmenos
Elyvilon
Fedhas
Gozag
Hepliaklqana
Kikubaaqudgha
Makhleb
Nemelex Xobeh
Okawaru
Qazlal
Ru
Sif Muna
Trog
Uskayaw
Vehumet
Wu Jian
Xom
Yredelemnul
Zin
The Shining One
Jiyva

Shops:
D:7 [   D:8 [

Portals:
Hell: Lair:6

Annotations:
D:10 Sonja
Lair:4 3 runed doors, exclusion: 3 doors, Gamo's ghost, journeyman NaWz
Orc:1 exclusion: orc sorcerer


Innate Abilities, Weirdness & Mutations

You are resistant to torment.
Your stone body is resilient. (AC +12)
You are immune to poison.
Your large and strong wings let you fly indefinitely.
You resist negative energy. (rN+)
You are resistant to electric shocks. (rElec)
You can survive without breathing.
You are immune to petrification.
You are immune to rotting.


Message History

You create a blast of noxious fumes!
You feel you are being watched by something.
Something completely misses you. Something hits you.
* * * LOW HITPOINT WARNING * * *
Something stings you.
* * * LOW HITPOINT WARNING * * *
You feel you are being watched by something.
You feel your power leaking away.
Something hits you but does no damage. x2
Something stings you but does no damage.
You feel you are being watched by something.
You feel you are being watched by something. x2
You feel you are being watched by something.
You feel your power leaking away. Something hits you but does no damage.
Something hits you.
* * * LOW HITPOINT WARNING * * *
Something stings you but does no damage.
You feel you are being watched by something. x2
Something hits you!
You die...

###...#.#≈##......######..#...###
#.###...#.#...##[####.^##^.......
...#.[..#......###.###..#...##...
..####..##..##(#^^.#[#.......###.
#....##......###.....##...#.<..##
......##...#######..##...###....#
#####......#.#.#.##........#..###
........##.....#......##^.###..≈≈
......#≈#.....>.@..##..##.^.#.###
####..#≈...###.{##..##.^#.^.###..
#......#####...##....########.#..
##...#..#....§(.#.##...##...#...#
...#.#..##.§§§##≈###..###..###..#
..^###..#§§##§..#≈....#...##...##
#..>#..#####§..####.#.....#......
#..##..#....§.....#≈#..####..##..
...##..##....##....#...#....##...


There were no monsters in sight!

Vanquished Creatures
  5 emperor scorpions
  2 entropy weavers (Spider:4)
  Nessos (D:14)
  A dire elephant (Lair:6)
  A spark wasp (Spider:4)
  12 hydras
  3 centaur warriors (D:14)
  A hell beast (Lair:6)
  8 two-headed ogres
  2 alligators (D:13)
  3 death yaks (Lair:6)
  Urug (Lair:5)
  An unseen horror (D:10)
  3 wizards
  A deep elf mage (D:14)
  3 lindwurms
  10 wolf spider zombies (Spider:2)
  19 orb spiders
  7 ugly things
  29 wolf spiders
  A manticore (D:15)
  A moth of wrath (Spider:3)
  4 oklob plants (Lair:3)
  2 cyclopes
  9 elephants
  Maurice (D:8)
  Psyche (D:8)
  9 black mambas
  A torpor snail (Spider:1)
  7 spiny frogs
  4 rime drakes
  An orange demon (Lair:6)
  A kobold demonologist (D:13)
  9 redback zombies (Spider:2)
  An ice devil (Lair:6)
  A tengu conjurer (D:14)
  8 komodo dragons
  A freezing wraith (D:14)
  10 demonic crawlers
  4 trolls
  A hellwing (Lair:6)
  25 jumping spiders
  3 red devils (Lair:6)
  A polar bear (Lair:6)
  A hornet (Spider:4)
  9 blink frogs (Lair:5)
  Prince Ribbit (D:8)
  2 tyrant leeches (D:13)
  8 tarantella zombies (Spider:2)
  A meliai zombie (D:12)
  13 hippogriffs
  76 redbacks
  A centaur simulacrum (D:15)
  33 tarantellas
  A shadow (D:14)
  61 yaks
  2 hogs (Spider:2)
  2 wraiths
  5 wyverns
  5 basilisks
  2 hungry ghosts
  4 vampire mosquitoes
  4 wargs (D:9)
  A warg (shapeshifter) (D:13)
  An acid dragon (D:12)
  A soldier ant (D:12)
  13 water moccasins
  6 hell hounds
  2 orc warriors
  4 ice beasts
  10 porcupines
  Duvessa (D:7)
  3 black bears
  A sky beast (D:11)
  A hornet zombie (D:10)
  An eye of draining (D:14)
  5 phantoms
  19 wolves
  4 ogres
  9 centaurs
  12 crocodiles
  4 big kobolds
  15 bullfrogs
  Dowan (D:7)
  A wyvern zombie (D:8)
  A wyvern skeleton (D:8)
  3 scorpions
  7 wights
  7 howler monkeys
  A killer bee (D:9)
  3 centaur zombies
  9 crimson imps
  3 bullfrog zombies (D:9)
  A quasit (D:8)
  5 hounds
  2 jellies (D:12)
  2 orc priests (D:6)
  4 centaur skeletons
  8 orc wizards
  3 bullfrog skeletons
  8 iguanas
  Ijyb (D:3)
  12 worker ants
  3 hell rats
  A hound skeleton (D:4)
  A howler monkey zombie (D:9)
  8 gnolls
  20 adders
  4 river rats (D:13)
  2 shadow imps
  2 oozes
  14 worms
  2 adder skeletons
  A dart slug (D:2)
  6 leopard geckos
  23 orcs
  4 giant cockroaches
  9 goblins
  14 hobgoblins
  13 jackals
  3 quokkas
  5 ball pythons
  6 bats
  10 frilled lizards
  23 kobolds
  A leopard gecko skeleton (D:7)
  11 rats
  A fungus (Lair:5)
832 creatures vanquished.

Vanquished Creatures (collateral kills)
  3 redbacks
  A black bear (D:9)
4 creatures vanquished.

Vanquished Creatures (others)
  Kirke (Spider:2)
  An entropy weaver (Spider:1)
  3 wolf spiders
  A torpor snail (Lair:5)
  A jumping spider (Spider:4)
  A hornet (Spider:3)
  A slime creature (D:14)
  A tarantella (Spider:2)
  A golden eye (shapeshifter) (D:14)
  A wight (D:14)
  A worker ant (D:14)
  10 fungi
  9 plants
32 creatures vanquished.

Grand Total: 868 creatures vanquished

Notes
Turn   | Place    | Note
-------+----------+-------------------------------------------
     0 | D:1      | Supahsalami the Gargoyle Earth Elementalist began the quest for the Orb.
     0 | D:1      | Reached XP level 1. HP: 10/10 MP: 3/3
   302 | D:1      | Reached XP level 2. HP: 16/16 MP: 5/5
   652 | D:1      | Reached skill level 1 in Fighting
   652 | D:1      | Reached XP level 3. HP: 20/20 MP: 3/6
  1433 | D:2      | Reached XP level 4. HP: 25/25 MP: 6/8
  2259 | D:2      | Reached XP level 5. HP: 30/30 MP: 4/9
  2516 | D:3      | Reached skill level 5 in Earth Magic
  2690 | D:3      | Reached XP level 6. HP: 11/35 MP: 2/11
  2922 | D:3      | Noticed Ijyb
  2943 | D:3      | Killed Ijyb
  3678 | D:4      | Learned a level 2 spell: Passwall
  3682 | D:4      | Learned a level 3 spell: Stone Arrow
  4019 | D:4      | Reached XP level 7. HP: 39/40 MP: 9/13
  4888 | D:5      | Entered Level 5 of the Dungeon
  4924 | D:5      | Reached skill level 1 in Armour
  4953 | D:4      | Reached skill level 1 in Conjurations
  5777 | D:5      | Reached XP level 8. HP: 46/46 MP: 10/15
  6082 | D:5      | Reached skill level 5 in Spellcasting
  6501 | D:6      | Reached skill level 5 in Stealth
  7059 | D:6      | Found a sparkling altar of Nemelex Xobeh.
  7503 | D:6      | Reached XP level 9. HP: 52/52 MP: 16/17
  7942 | D:7      | Noticed Duvessa
  8140 | D:7      | Found Zigato's Armour Boutique.
  8332 | D:7      | Noticed Dowan
  8337 | D:7      | Killed Duvessa
  8339 | D:7      | Killed Dowan
  8501 | D:7      | Found a staircase to the Ecumenical Temple.
  8556 | Temple   | Entered the Ecumenical Temple
  8944 | Temple   | Became a worshipper of Vehumet
  9712 | D:7      | You fall through a shaft for 2 floors!
  9735 | D:9      | Reached skill level 5 in Fighting
 10041 | D:9      | Found a staircase to the Orcish Mines.
 10350 | D:9      | Reached * piety under Vehumet
 10350 | D:9      | Offered knowledge of Magic Dart by Vehumet.
 10519 | D:9      | Reached XP level 10. HP: 60/60 MP: 13/20
 10737 | D:9      | Reached skill level 10 in Earth Magic
 11428 | D:9      | Learned a level 1 spell: Magic Dart
 11433 | D:9      | Learned a level 4 spell: Petrify
 11574 | D:8      | Reached skill level 5 in Conjurations
 11823 | D:8      | Noticed an enchanted dagger
 11824 | D:8      | Noticed a hand axe
 11825 | D:8      | Found a hide-covered altar of Uskayaw.
 11828 | D:8      | Noticed Prince Ribbit
 11870 | D:8      | Killed Prince Ribbit
 12554 | D:8      | Learned a level 5 spell: Lee's Rapid Deconstruction
 12649 | D:8      | Reached ** piety under Vehumet
 12649 | D:8      | Offered knowledge of Flame Tongue by Vehumet.
 12743 | D:8      | Noticed Psyche
 12761 | D:8      | Killed Psyche
 12947 | D:8      | Found a staircase to the Lair.
 13089 | D:8      | Noticed Maurice
 13108 | D:8      | Killed Maurice
 13231 | D:8      | Found Okhlajupt's Armour Boutique.
 13454 | Orc:1    | Entered Level 1 of the Orcish Mines
 13461 | Orc:1    | Noticed an orc sorcerer
 13471 | Orc:1    | Noticed a cyclops
 13508 | D:10     | Entered Level 10 of the Dungeon
 13535 | D:10     | Noticed Sonja
 13584 | D:10     | Learned a level 3 spell: Mephitic Cloud
 13587 | D:10     | Learned a level 2 spell: Blink
 13597 | D:10     | Learned a level 3 spell: Conjure Flame
 13620 | D:10     | Noticed a two-headed ogre
 13709 | D:10     | Killed a two-headed ogre
 13709 | D:10     | Reached skill level 1 in Transmutations
 13709 | D:10     | Reached XP level 11. HP: 30/67 MP: 1/23
 13941 | D:10     | Noticed a two-headed ogre
 13987 | D:10     | Noticed a six-headed hydra
 14066 | D:10     | You fall through a shaft!
 14223 | D:11     | Noticed a two-headed ogre
 14227 | D:11     | Killed a two-headed ogre
 14680 | D:11     | Offered knowledge of Throw Flame by Vehumet.
 15314 | D:10     | Killed an unseen horror
 15760 | D:10     | Killed a six-headed hydra
 15940 | D:10     | Killed a two-headed ogre
 17181 | D:12     | Reached *** piety under Vehumet
 17214 | D:12     | Noticed a two-headed ogre
 17350 | D:11     | Killed a two-headed ogre
 17350 | D:11     | Reached XP level 12. HP: 40/74 MP: 1/25
 17542 | D:12     | Noticed a two-headed ogre
 17710 | D:12     | Offered knowledge of Iskenderun's Mystic Blast by Vehumet.
 17711 | D:12     | Killed a two-headed ogre
 18271 | D:13     | Noticed an alligator
 18286 | D:13     | Noticed a two-headed ogre
 18499 | D:13     | Killed an alligator
 18645 | D:13     | Noticed an alligator
 18665 | D:13     | Killed an alligator
 18832 | D:13     | Reached **** piety under Vehumet
 18840 | D:13     | Offered knowledge of Inner Flame by Vehumet.
 19189 | D:13     | Reached skill level 1 in Fire Magic
 19189 | D:13     | Reached skill level 1 in Poison Magic
 19205 | D:13     | Reached skill level 1 in Translocations
 19384 | D:13     | Killed a two-headed ogre
 20677 | D:14     | Reached ***** piety under Vehumet
 20681 | D:14     | Offered knowledge of Bolt of Magma by Vehumet.
 21063 | D:14     | Noticed a centaur warrior
 21068 | D:14     | Killed a centaur warrior
 21068 | D:14     | Reached skill level 10 in Spellcasting
 21068 | D:14     | Reached XP level 13. HP: 73/80 MP: 2/27
 21285 | D:14     | Noticed Nessos
 21798 | D:13     | Learned a level 5 spell: Bolt of Magma
 21856 | D:14     | Killed Nessos
 22040 | D:14     | Noticed a shadow dragon
 22040 | D:14     | Noticed a yaktaur captain
 22068 | D:14     | Learned a level 3 spell: Gell's Gravitas
 24112 | D:14     | Reached skill level 15 in Earth Magic
 24165 | D:14     | HP: 3/82 [wizard/bolt of cold (6)]
 24195 | D:14     | Reached skill level 10 in Fighting
 24699 | D:14     | Found a gate to the Vaults.
 25106 | D:14     | Noticed a frost giant
 25151 | D:15     | Entered Level 15 of the Dungeon
 25867 | Lair:1   | Entered Level 1 of the Lair of Beasts
 28230 | Lair:1   | Gained mutation: Your large and strong wings let you fly indefinitely. [Gargoyle growth]
 28230 | Lair:1   | Reached XP level 14. HP: 88/88 MP: 22/29
 28233 | Lair:1   | Offered knowledge of Bolt of Draining by Vehumet.
 28685 | Lair:2   | Found a hole to the Spider Nest.
 33114 | Lair:4   | Offered knowledge of Orb of Destruction by Vehumet.
 33129 | Lair:4   | Reached skill level 1 in Staves
 33388 | Lair:4   | Found a runed gate.
 33388 | Lair:4   | Found a runed gate.
 33391 | Lair:4   | Noticed Gamo's ghost (journeyman NaWz)
 33399 | Lair:4   | Found a runed gate.
 33419 | Lair:4   | Found a staircase to the Swamp.
 33663 | Lair:4   | Found a hide-covered altar of Uskayaw.
 35358 | Lair:5   | Noticed Urug
 35839 | Lair:5   | Killed Urug
 35951 | Lair:5   | Identified the Handbook of the Rocks
 36218 | Lair:5   | Found a viscous altar of Jiyva.
 36218 | Lair:5   | Found a staircase to the Slime Pits.
 36251 | Lair:5   | Reached skill level 5 in Armour
 36251 | Lair:5   | Reached XP level 15. HP: 97/97 MP: 1/31
 36644 | Lair:6   | Entered Level 6 of the Lair of Beasts
 38148 | Lair:6   | Reached skill level 5 in Staves
 38636 | Lair:6   | Offered knowledge of Freezing Cloud by Vehumet.
 39982 | Lair:6   | Found a burning altar of Makhleb.
 40013 | Lair:6   | Found a gateway to Hell.
 40275 | Lair:2   | Learned a level 6 spell: Iron Shot
 40276 | Spider:1 | Entered Level 1 of the Spider Nest
 41400 | Spider:1 | Noticed an emperor scorpion
 41416 | Spider:1 | Killed an emperor scorpion
 42267 | Spider:2 | You are sucked into a shaft!
 42273 | Spider:3 | Offered knowledge of Bolt of Fire by Vehumet.
 42812 | Spider:2 | Reached XP level 16. HP: 106/106 MP: 26/33
 43267 | Spider:2 | Noticed Kirke
 43293 | Spider:2 | Killed Kirke
 44429 | Spider:2 | Offered knowledge of Ozocubu's Refrigeration by Vehumet.
 44601 | Spider:1 | Got a slimy leather armour
 44612 | Spider:1 | Identified the +1 leather armour of Ypsig {rPois rN+ Int-4} (You found it on level 1 of the Spider Nest)
 46506 | Spider:4 | Entered Level 4 of the Spider Nest
 47264 | Spider:4 | Reached skill level 1 in Shields
 47266 | Spider:4 | Reached skill level 15 in Fighting
 47334 | Spider:3 | Reached ****** piety under Vehumet
 49184 | Spider:4 | Offered knowledge of Spellforged Servitor by Vehumet.
 49354 | Spider:4 | Reached XP level 17. HP: 113/113 MP: 12/35
 49474 | Spider:3 | Reached skill level 5 in Fire Magic
 50332 | Spider:4 | Reached skill level 5 in Translocations
 50698 | Spider:3 | Slain by a ghost moth

Vault maps used:
D:1:      dpeg_arrival_short_road, minmay_misc_feat_hallway
D:2:      first_ration
D:3:      minmay_wonky_spiral, minmay_misc_feat_cross, corexii_corridor_pit,
          serial_park_tiny_1, uniq_ijyb
D:4:      minmay_misc_feat_tiny, sigmund_army
D:6:      nemelex_dance_club_becter
D:7:      minmay_temple_entry_large_hall, serial_shops, shop, uniq_duvessa
D:8:      dancing_weapons_uskayaw, minmay_lair_entry_lava, serial_shops,
          nicolae_shop_trees, grunt_tough_drop, uniq_psyche,
          uniq_prince_ribbit1, uniq_maurice
D:9:      minmay_orc_entry_guard_dogs, grunt_pizzeria, minmay_joined_circles
D:10:     uniq_sonja
D:12:     stair_cage_cross
D:13:     hangedman_parallel_progression
D:14:     minmay_expanding_circles, david_vaults_1, uniq_nessos
D:15:     grunt_enter_depths_giant_problem, serial_park_tiny_1
Temple:   nicolae_temple_the_god_donut
Lair:1:   small_statue_intersection, grunt_megastairs_3
Lair:2:   spider_nest_entry_web_field, beast_lair_carwin_9
Lair:3:   beast_lair_carwin_8, minmay_lair_oklob_chamber, grunt_megastairs_2
Lair:4:   swamp_mist_pool, gammafunk_ghost_split, basic_altar
Lair:5:   slime_altar_1, uniq_urug
Lair:6:   evil_forest
Spider:2: lemuel_spider_zombies, uniq_kirke
Spider:4: grunt_spider_rune_circles, uniq_bai_suzhen
Orc:1:    basic_altar, uniq_josephine

Skill      XL: |  1  2  3  4  5  6  7  8  9 10 11 12 13 14 15 16 17 |
---------------+----------------------------------------------------+-----
Earth Magic    | 4 5 6 8 9 11 12 14 15 | 15.9
Fighting       | 1 2 3 4 5 7 8 9 10 12 14 15 | 15.1
Stealth        | 3 4 5 |  5.0
Spellcasting   | 3 4 5 7 8 9 10 11 12 13 14 | 14.2
Armour         | 1 3 4 5 6 7 |  7.0
Conjurations   | 1 3 4 6 7 8 |  8.8
Transmutations | 1 3 4 |  4.9
Fire Magic     | 2 4 5 |  5.2
Poison Magic   | 2 3 |  3.8
Translocations | 2 4 5 |  5.0
Staves         | 3 7 9 |  9.3
Shields        | 1 2 |  2.6
Dodging        | |  1.5

Action                   |  1- 3 |  4- 6 |  7- 9 | 10-12 | 13-15 | 16-18 || total
-------------------------+-------+-------+-------+-------+-------+-------++-------
Melee: Unarmed           |     4 |       |       |       |       |     3 ||     7
       Dagger            |     8 |    19 |       |       |       |       ||    27
       Whip              |       |       |    25 |       |       |       ||    25
       Staff             |       |       |    50 |    91 |   174 |   196 ||   511
Throw: Stone             |       |       |     5 |       |     4 |     1 ||    10
       Tomahawk          |       |       |     4 |    14 |       |       ||    18
       Javelin           |       |       |       |    25 |    25 |       ||    50
 Cast: Sandblast         |    35 |   107 |    97 |   143 |   175 |   108 ||   665
       Stone Arrow       |       |       |   121 |   174 |   368 |   281 ||   944
       Petrify           |       |       |       |    93 |   305 |    50 ||   448
       Magic Dart        |       |       |       |     3 |     3 |       ||     6
       Lee's Rapid Decon |       |       |       |    95 |   298 |    56 ||   449
       Mephitic Cloud    |       |       |       |    19 |    47 |    22 ||    88
       Conjure Flame     |       |       |       |     7 |     3 |       ||    10
       Blink             |       |       |       |     4 |    22 |     5 ||    31
       Bolt of Magma     |       |       |       |       |     1 |     6 ||     7
       Gell's Gravitas   |       |       |       |       |     1 |     5 ||     6
       Iron Shot         |       |       |       |       |       |    15 ||    15
 Abil: Fly               |       |       |       |       |     1 |       ||     1
Evoke: Staff of energy   |       |       |     3 |       |       |       ||     3
       Wand              |       |       |     1 |    44 |    18 |     2 ||    65
  Use: Scroll            |       |       |    10 |     8 |     4 |     3 ||    25
       Potion            |       |       |       |       |     3 |     1 ||     4
 Stab: Sleeping          |     1 |       |       |       |       |       ||     1
       Petrified         |       |       |       |    17 |     9 |    15 ||    41
       Distracted        |       |       |       |     1 |       |       ||     1
       Petrifying        |       |       |       |     1 |       |       ||     1
  Eat: Chunk             |     2 |     8 |     4 |     5 |    18 |    10 ||    47
       Ration            |       |       |     5 |     8 |    19 |     8 ||    40
Armor: Robe              |     4 |    20 |       |       |       |       ||    24
       Ring mail         |       |     1 |    93 |   186 |       |       ||   280
       Acid dragon scale |       |       |       |    58 |   458 |   525 ||  1041
Dodge: Dodged            |    10 |    37 |   146 |   333 |   629 |   518 ||  1673
Block: Buckler           |       |       |       |       |       |    37 ||    37

Table legend:
 A = Spawn XP
 B = Non-spawn XP
 C = Spawn XP percentage of total XP
 D = Spawn monster count
 E = Non-spawn monster count
 F = Spawn count percentage of total count
 G = Total turns spent on level
                    A         B        C        D         E        F      G
               +---------+---------+-------+---------+---------+-------+---------
         Total |       0 |  195885 |   0.0 |       0 |     844 |   0.0 | 50698
               +---------+---------+-------+---------+---------+-------+---------
           D:1 |       0 |      52 |   0.0 |       0 |      21 |   0.0 |  1325
           D:2 |       0 |     114 |   0.0 |       0 |      30 |   0.0 |  1331
           D:3 |       0 |     254 |   0.0 |       0 |      34 |   0.0 |   970
           D:4 |       0 |     456 |   0.0 |       0 |      20 |   0.0 |  1283
           D:5 |       0 |     503 |   0.0 |       0 |      20 |   0.0 |  1371
           D:6 |       0 |    1046 |   0.0 |       0 |      28 |   0.0 |  1793
           D:7 |       0 |    1020 |   0.0 |       0 |      19 |   0.0 |  1410
           D:8 |       0 |    5334 |   0.0 |       0 |      40 |   0.0 |  2711
           D:9 |       0 |    2447 |   0.0 |       0 |      29 |   0.0 |  2409
          D:10 |       0 |    4118 |   0.0 |       0 |       9 |   0.0 |  1845
          D:11 |       0 |    3923 |   0.0 |       0 |      22 |   0.0 |  1983
          D:12 |       0 |    5645 |   0.0 |       0 |      27 |   0.0 |   917
          D:13 |       0 |    9887 |   0.0 |       0 |      70 |   0.0 |  4618
          D:14 |       0 |   14838 |   0.0 |       0 |      37 |   0.0 |  2677
          D:15 |       0 |    1199 |   0.0 |       0 |       3 |   0.0 |   111
        Lair:1 |       0 |    4013 |   0.0 |       0 |      22 |   0.0 |  1979
        Lair:2 |       0 |    5888 |   0.0 |       0 |      28 |   0.0 |  2982
        Lair:3 |       0 |   12378 |   0.0 |       0 |      46 |   0.0 |  2180
        Lair:4 |       0 |    5802 |   0.0 |       0 |      18 |   0.0 |  1811
        Lair:5 |       0 |   11341 |   0.0 |       0 |      42 |   0.0 |  2598
        Lair:6 |       0 |   19880 |   0.0 |       0 |      44 |   0.0 |  2776
      Spider:1 |       0 |   11605 |   0.0 |       0 |      34 |   0.0 |  1368
      Spider:2 |       0 |   24777 |   0.0 |       0 |      65 |   0.0 |  2259
      Spider:3 |       0 |   24351 |   0.0 |       0 |      67 |   0.0 |  4452
      Spider:4 |       0 |   25014 |   0.0 |       0 |      69 |   0.0 |  1100
               +---------+---------+-------+---------+---------+-------+---------
